 Dungeon Crawl Stone Soup version 0.27-a0-1287-gca74d27db6 (webtiles) character file.

Game seed: 11766429199812728995

6479 lunkers the Destroyer (level 10, -4/55 HPs)
             Began as a Deep Elf Air Elementalist on June 14, 2021.
             Was a Believer of Vehumet.
             Killed from afar by a gargoyle (13 damage)
             ... with a stone arrow
             ... on level 10 of the Dungeon.
             The game lasted 00:22:18 (13118 turns).

lunkers the Destroyer (Deep Elf Air Elementalist)  Turns: 13118, Time: 00:22:19

Health: -4/55      AC:  8    Str:  5    XL:     10   Next: 68%
Magic:  13/25      EV: 11    Int: 24    God:    Vehumet [**....]
Gold:   561        SH:  0    Dex: 15    Spells: 13/28 levels left

rFire    . . .     SeeInvis .   F - staff of conjuration
rCold    . . .     Faith    .   (no shield)
rNeg     . . .     Spirit   .   e - +3 leather armour
rPois    +         Reflect  .   (no helmet)
rElec    .         Harm     .   (no cloak)
rCorr    .         Rampage  .   J - +0 pair of gloves
Will     ++...                  G - +0 pair of boots
Stlth    ++........             a - amulet of regeneration
HPRegen  1.18/turn              p - ring of willpower
MPRegen  0.19/turn              A - ring of poison resistance

@: no status effects
A: no striking features
a: Renounce Religion


You were on level 10 of the Dungeon.
You worshipped Vehumet.
Vehumet was pleased with you.
You visited 2 branches of the dungeon, and saw 11 of its levels.

You collected 561 gold pieces.

Inventory:

Hand Weapons
 q - the +4 rapier of lunkers's Sudden Death {vorpal, rPois rN+++ Str-4}
   (You found it on level 4 of the Dungeon)

   It inflicts extra damage upon your enemies.
   It affects your strength (-4).
   It protects you from poison.
   It renders you almost immune to negative energy.
 s - a +2 short sword of venom
 D - a +6 flail
Missiles
 n - 3 boomerangs of dispersal
 u - 2 throwing nets
Armour
 e - a +3 leather armour (worn)
 x - a +2 robe of cold resistance
 G - a +0 pair of boots (worn)
 J - a +0 pair of gloves (worn)
Magical Staves
 F - a staff of conjuration (weapon)
Jewellery
 a - an amulet of regeneration (around neck)
 h - an amulet of guardian spirit
 o - a ring of protection from cold
 p - a ring of willpower (left hand)
 A - a ring of poison resistance (right hand)
Wands
 E - a wand of mindburst (15)
 L - a wand of digging (3)
 M - a wand of paralysis (6)
 N - a wand of flame (13)
Scrolls
 g - a scroll of teleportation {unknown}
 j - a scroll of immolation {unknown}
 l - 2 scrolls of amnesia {unknown}
 m - 2 scrolls of blinking {unknown}
 t - a scroll of fog {unknown}
 y - 3 scrolls of magic mapping {unknown}
 B - a scroll of enchant weapon {unknown}
 C - a scroll of enchant armour {unknown}
 H - a scroll of summoning {unknown}
 I - 2 scrolls of identify
Potions
 b - a potion of heal wounds {unknown}
 c - 4 potions of might
 d - a potion of resistance
 f - a potion of brilliance
 i - 3 potions of curing
 k - a potion of mutation {unknown}
 r - 2 potions of attraction {unknown}
 v - a potion of magic {unknown}
 w - 2 potions of lignification {unknown}
 z - 2 potions of haste {unknown}
 K - a potion of degeneration {unknown}


   Skills:
 + Level 2.9 Fighting
 - Level 2.4 Dodging
 - Level 2.4 Stealth
 + Level 9.7 Spellcasting
 * Level 10.9 Conjurations
 * Level 10.5 Air Magic


You had 13 spell levels left.
You knew the following spells:

 Your Spells              Type           Power      Damage    Failure   Level
a - Shock                 Conj/Air       100%       1d9       1%          1
b - Static Discharge      Conj/Air       76%        N/A       1%          2
c - Swiftness             Air            58%        N/A       1%          3
d - Airstrike             Air            29%        N/A       1%          4
e - Lightning Bolt        Conj/Air       38%        1d56      3%          5

Your spell library contained the following spells:

 Spells                   Type           Power      Damage    Failure   Level
 Poisonous Vapours        Pois/Air       72%        N/A       1%          2
 Dazzling Flash           Conj/Hex       100%       N/A       3%          3
 Corona                   Hex            12%        N/A       9%          1
 Summon Small Mammal      Summ           44%        N/A       9%          1
 Summon Lightning Spire   Summ/Air       36%        N/A       11%         4
 Call Imp                 Summ           11%        N/A       14%         2
 Ensorcelled Hibernation  Hex/Ice        22%        N/A       14%         2
 Call Canine Familiar     Summ           11%        N/A       26%         3
 Confusing Touch          Hex            11%        N/A       26%         3
 Summon Guardian Golem    Hex/Summ       11%        N/A       26%         3
 Tukima's Dance           Hex            11%        N/A       26%         3
 Summon Ice Beast         Ice/Summ       11%        N/A       65%         4


Dungeon Overview and Level Annotations

Branches:
Dungeon (10/15)            Temple (1/1) D:4
   Lair: D:8-11         Orc: D:9-12

Altars:
Ashenzari
Cheibriados
Dithmenos
Elyvilon
Fedhas
Gozag
Hepliaklqana
Kikubaaqudgha
Makhleb
Nemelex Xobeh
Okawaru
Qazlal
Ru
Sif Muna
Trog
Uskayaw
Vehumet
Wu Jian
Xom
Yredelemnul
Zin
The Shining One


Message History

The air twists around and strikes the orc!
You kill the orc!
Vehumet accepts your kill.
* * * LOW MAGIC WARNING * * *
There is a stone staircase leading up here.
There is a stone staircase leading down here.
You start resting.
Magic restored.
You climb downwards.
A gargoyle comes into view. It is wielding a +0 flail.
The gargoyle hits you with a +0 flail!
There is a stone staircase leading up here.
Casting: Airstrike (dangerous; 1% risk of failure)
Confirm with . or Enter, or press ? or * to list all spells.
Aiming: Airstrike (dangerous; 1% risk of failure)
Press: ? - help, Dir - move target, f - gargoyle
Aim: a gargoyle, wielding a +0 flail The air twists around and strikes the gargoyle!
The gargoyle is heavily damaged.
The gargoyle hurls a stone arrow at you.
The stone arrow hits you!!
* * * LOW HITPOINT WARNING * * *
Casting: Airstrike (dangerous; 1% risk of failure)
Confirm with . or Enter, or press ? or * to list all spells.
Aiming: Airstrike (dangerous; 1% risk of failure)
Press: ? - help, Dir - move target, f/p - gargoyle
Aim: a gargoyle, wielding a +0 flail (heavily damaged)
The air twists around and strikes the gargoyle!
The gargoyle is almost destroyed.
The gargoyle hits you with a +0 flail!
* * * LOW HITPOINT WARNING * * *
Casting: Airstrike (dangerous; 1% risk of failure)
Confirm with . or Enter, or press ? or * to list all spells.
Aiming: Airstrike (dangerous; 1% risk of failure)
Press: ? - help, Dir - move target, f/p - gargoyle
Aim: a gargoyle, wielding a +0 flail (almost destroyed)
The air twists around and strikes the gargoyle but does no damage.
The gargoyle hurls a stone arrow at you.
The stone arrow hits you!
You die...

#......
##.....
#......
#.....
#.....
#....#
#...9#
#...@#
######


You could see a gargoyle.

Vanquished Creatures
  3 two-headed ogres
  2 trolls (D:9)
  A hornet (D:8)
  A wyvern (D:10)
  A vampire (D:9)
  A yak (D:10)
  A wraith (D:9)
  A steam dragon (D:8)
  2 water moccasins (D:7)
  An ice beast (D:6)
  2 sky beasts
  2 orc warriors
  2 necrophages
  4 centaurs
  A phantom (D:4)
  4 bullfrogs
  4 kobold brigands
  A gnoll sergeant (D:7)
  2 scorpions
  A wyvern zombie (D:8)
  A water moccasin skeleton (D:4)
  4 wights (D:7)
  A howler monkey (D:5)
  A centaur zombie (D:5)
  5 hounds (D:7)
  8 orc priests
  2 gnoll shamans (D:7)
  A jelly (D:5)
  2 iguanas
  Natasha (twice) (D:2)
  5 orc wizards
  A howler monkey zombie (D:9)
  5 gnolls (D:7)
  6 adders
  An adder skeleton (D:4)
  2 worms
  5 dart slugs
  28 orcs
  6 endoplasms
  7 giant cockroaches
  8 hobgoblins
  5 jackals
  8 quokkas
  6 ball pythons
  6 bats
  4 frilled lizards
  8 goblins
  18 kobolds
  4 rats
197 creatures vanquished.

Notes
Turn   | Place    | Note
-------+----------+-------------------------------------------
     0 | D:1      | lunkers the Deep Elf Air Elementalist began the quest for
                  | the Orb.
     0 | D:1      | Reached XP level 1. HP: 10/10 MP: 6/6
     3 | D:1      | Noticed an electric eel
     4 | D:1      | Noticed an electric eel
   194 | D:1      | Reached XP level 2. HP: 15/15 MP: 5/8
   402 | D:1      | You fall into a shaft and drop 1 floor!
   595 | D:2      | Reached XP level 3. HP: 10/19 MP: 0/9
   685 | D:2      | Noticed a necrophage
   690 | D:2      | Killed a necrophage
   691 | D:2      | Reached XP level 4. HP: 14/24 MP: 4/12
   835 | D:2      | Noticed Natasha
   844 | D:2      | Killed Natasha
   845 | D:2      | Reached XP level 5. HP: 6/28 MP: 7/13
  1187 | D:1      | Learned a level 2 spell: Static Discharge
  1191 | D:1      | Learned a level 3 spell: Swiftness
  1196 | D:1      | Learned a level 4 spell: Airstrike
  1980 | D:2      | Found a faded altar of an unknown god.
  2038 | D:2      | Noticed Natasha
  2042 | D:2      | Killed Natasha
  2453 | D:2      | You fall into a shaft and drop 1 floor!
  2890 | D:3      | Reached XP level 6. HP: 24/32 MP: 9/15
  4107 | D:4      | Reached skill level 5 in Air Magic
  4209 | D:4      | Found a staircase to the Ecumenical Temple.
  4223 | D:4      | Identified the +4 rapier of lunkers's Sudden Death {vorpal,
                  | rPois rN+++ Str-4}
  4228 | Temple   | Entered the Ecumenical Temple
  4296 | Temple   | Became a worshipper of Vehumet
  4351 | D:4      | Reached skill level 5 in Spellcasting
  5269 | D:5      | Entered Level 5 of the Dungeon
  5355 | D:5      | HP: 1/32 [/static electricity (2)]
  5356 | D:5      | Reached skill level 5 in Conjurations
  5356 | D:5      | Reached XP level 7. HP: 1/36 MP: 3/16
  7386 | D:6      | Noticed a two-headed ogre
  7448 | D:6      | Reached XP level 8. HP: 22/41 MP: 12/19
  7886 | D:6      | Reached * piety under Vehumet
  7886 | D:6      | Offered knowledge of Magic Dart by Vehumet.
  8427 | D:6      | Killed a two-headed ogre
  8712 | D:7      | Reached XP level 9. HP: 45/45 MP: 16/22
  8721 | D:7      | Learned a level 5 spell: Lightning Bolt
  9743 | D:7      | Reached ** piety under Vehumet
  9743 | D:7      | Offered knowledge of Poisonous Vapours by Vehumet.
 10278 | D:7      | Found a broken altar of Ashenzari.
 10824 | D:8      | Reached skill level 1 in Fighting
 11432 | D:8      | Noticed a two-headed ogre
 11436 | D:8      | Killed a two-headed ogre
 11437 | D:8      | Reached skill level 10 in Conjurations
 11437 | D:8      | Reached XP level 10. HP: 53/53 MP: 7/25
 11843 | D:9      | Reached skill level 10 in Air Magic
 12842 | D:10     | Entered Level 10 of the Dungeon
 12842 | D:10     | Noticed a death yak
 12842 | D:10     | Noticed a death yak
 12842 | D:10     | Noticed a two-headed ogre
 12848 | D:9      | Killed a two-headed ogre
 13115 | D:10     | Noticed a gargoyle
 13118 | D:10     | Killed from afar by a gargoyle

Illustrated notes

Levels and vault maps discovered:
D:1:      arrival_aquarium_b, layout_basic, serial_park_tiny_2
D:2:      layout_basic, ebering_ecumenical_altar_mist, uniq_natasha
D:3:      layout_basic
D:4:      layout_basic, minmay_temple_entry_offerings
D:5:      layout_basic, portal_sewer_entry_a
D:6:      layout_rooms
D:7:      layout_cave_pools, nicolae_ashenzari_skybound, serial_gnoll_camp,
          gnoll_camp_mini_hut, gnoll_camp_mini_house, gnoll_camp_mini_doghouse,
          gnoll_camp_mini_hut
D:8:      layout_cave_pools, minmay_misc_feat_ornament
D:9:      layout_loops_ring
D:10:     layout_basic, dpeg_lair_monsters, david_orc_3, minmay_ruined_shrine
Temple:   grunt_wide_crystal_templ

Skill      XL: |  1  2  3  4  5  6  7  8  9 10 |
---------------+-------------------------------+-----
Conjurations   | 2 3 4 5 6 8 10 | 10.9
Spellcasting   | 4 5 6 7 9 |  9.7
Air Magic      | 4 5 6 8 9 10 | 10.5
Fighting       | 1 2 |  2.9
Dodging        | |  2.4
Stealth        | |  2.4

Action                   |  1- 3 |  4- 6 |  7- 9 | 10-12 || total
-------------------------+-------+-------+-------+-------++-------
Melee: Rapier            |       |     6 |       |       ||     6
       Short sword       |       |       |     6 |       ||     6
       Staff             |       |       |     3 |     2 ||     5
       Flail             |       |       |     1 |       ||     1
 Cast: Shock             |    51 |   135 |    13 |       ||   199
       Static Discharge  |       |    15 |    62 |    16 ||    93
       Airstrike         |       |       |    72 |    38 ||   110
  Use: Scroll            |       |     4 |     1 |       ||     5
 Stab: Sleeping          |       |       |       |     1 ||     1
Armor: Robe              |     1 |       |       |       ||     1
       Leather armour    |       |       |    45 |     8 ||    53
Dodge: Dodged            |     5 |    23 |    46 |     8 ||    82

Table legend: (Time is in decaauts)
 A = Elapsed time spent in this place.
 B = Non-inter-level travel time spent in this place.
 C = Inter-level travel time spent in this place.
 D = Time resting spent in this place.
 E = Time spent auto-exploring this place.
 F = Levels seen in this place.
 G = Mean time per level.
                   A        B        C        D        E       F      G
               +--------+--------+--------+--------+--------+-----+--------+
         Total |  13124 |  12828 |    296 |   1498 |   9958 |  11 | 1193.1 |
       Dungeon |  13048 |  12752 |    296 |   1498 |   9903 |  10 | 1304.8 |
        Temple |     75 |     75 |      0 |      0 |     55 |   1 |   75.0 |
               +--------+--------+--------+--------+--------+-----+--------+

Top non-repeatable levels by time:
     D:5: 1795 daAuts
     D:6: 1735 daAuts
     D:4: 1547 daAuts
     D:9: 1527 daAuts
     D:3: 1470 daAuts
     D:7: 1277 daAuts
     D:2: 1272 daAuts
     D:8: 1215 daAuts
     D:1: 1181 daAuts
  Temple: 75 daAuts
    D:10: 25 daAuts
